 Dungeon Crawl Stone Soup version 0.19-a0-682-g708bd0e (webtiles) character file.

72 TheGoonsmith the Cudgeler (level 4, -1/34 HPs)
             Began as a Demonspawn Gladiator on June 17, 2016.
             Slain by a gnoll
             ... wielding a +0 spear
              (9 damage)
             ... on level 2 of the Dungeon.
             The game lasted 00:01:30 (1389 turns).

TheGoonsmith the Cudgeler (Demonspawn Gladiator)    Turns: 1389, Time: 00:01:31

Health: -1/34      AC: 11    Str: 16    XL:     4   Next: 7%
Magic:  4/4        EV: 12    Int: 10    God:
Gold:   121        SH:  0    Dex: 13    Spells: 0 memorised, 3 levels left

rFire  . . .     SeeInvis .     a - +0 flail
rCold  . . .     Gourm    .     b - +0 leather armour
rNeg   . . .     Faith    .     (no shield)
rPois  .         Spirit   .     c - +0 helmet
rElec  .         Dismiss  .     g - +0 cloak
rCorr  .         Reflect  .     (no gloves)
SustAt .         Harm     .     (no boots)
MR     .....                    (no amulet)
Stlth  +.........               (no ring)
                                (no ring)

@: sanguine armour, not resistant to hostile enchantments, very unstealthy
A: talons 1, sanguine armour 1
a: no special abilities


You were on level 2 of the Dungeon.
You were hungry.

You visited 1 branch of the dungeon, and saw 2 of its levels.

You collected 121 gold pieces.

Inventory:

Hand Weapons
 a - a +0 flail (weapon)
Missiles
 d - 3 throwing nets (quivered)
Armour
 b - a +0 leather armour (worn)
 c - a +0 helmet (worn)
 g - a +0 cloak (worn)
Scrolls
 h - a scroll of enchant armour {unknown}
 k - a scroll of magic mapping {unknown}
Potions
 i - a potion of flight {unknown}
 l - a potion of might {unknown}
Comestibles
 f - 2 bread rations
 j - a meat ration


   Skills:
 + Level 2.6 Fighting
 * Level 4.1 Maces & Flails
 - Level 1.7 Throwing
 - Level 2.6 Dodging


You had 3 spell levels left.
You didn't know any spells.

Dungeon Overview and Level Annotations

Branches:
Dungeon (2/15)

Altars:


Innate Abilities, Weirdness & Mutations

You have sharp toenails.
When seriously injured, your bleeding wounds create armour. (AC +6)


Message History

You closely miss the gnoll. The gnoll barely misses you.
The gnoll hits you but does no damage.
You hit the gnoll.
The gnoll is moderately wounded.
The gnoll closely misses you.
You hit the gnoll. You claw the gnoll, but do no damage.
The gnoll is severely wounded.
The gnoll misses you.
You barely miss the gnoll.
The gnoll is heavily wounded.
The gnoll hits you with a spear.
You barely miss the gnoll. Your kick misses the gnoll.
The gnoll is heavily wounded.
The gnoll hits you with a spear.
You barely miss the gnoll.
The gnoll is heavily wounded.
The gnoll hits you with a spear.
* * * LOW HITPOINT WARNING * * *
The gnoll hits you with a spear!
You die...

#..# #.# ##.## #.#
###..###.# ## #........#
... #........# ....
#........# .....#########
#####.##.#
.............#######..#.###
..............g@))........#
....(........########.#.#.#
.$...######### ###.#+#.#
.... #.......# ...
#.......# ## #.......#
#.......# #.......#
#.......#


You could see a gnoll.

Vanquished Creatures
  3 gnolls (D:2)
  4 worms
  A dart slug (D:2)
  5 bats
  2 goblins (D:1)
  3 hobgoblins
  4 jackals (D:1)
  A quokka (D:2)
  3 giant newts
  A kobold (D:1)
  3 rats
30 creatures vanquished.

Notes
Turn   | Place    | Note
--------------------------------------------------------------
     0 | D:1      | TheGoonsmith the Demonspawn Gladiator began the quest for the Orb.
     0 | D:1      | Reached XP level 1. HP: 16/16 MP: 1/1
    47 | D:1      | Reached skill level 3 in Maces & Flails
    52 | D:1      | Gained mutation: When seriously injured, your bleeding wounds create armour. (AC +6) [demonic ancestry]
    52 | D:1      | Reached XP level 2. HP: 22/22 MP: 2/2
  1187 | D:2      | Reached XP level 3. HP: 20/27 MP: 3/3
  1373 | D:2      | Reached skill level 4 in Maces & Flails
  1382 | D:2      | Gained mutation: You have sharp toenails. [demonic ancestry]
  1382 | D:2      | Reached XP level 4. HP: 17/34 MP: 4/4
  1389 | D:2      | Slain by a gnoll

Vault maps used:
D:1:      evilmike_arrival_home_sweet_home

Skill      XL: |  1  2  3 |
---------------+----------+-----
Maces & Flails | 3 4 |  4.1
Fighting       | |  2.6
Throwing       | |  1.7
Dodging        | |  2.6

Action                   |  1- 3 |  4- 6 || total
-------------------------+-------+-------++-------
Melee: Flail             |   110 |     6 ||   116
       Kick              |       |     1 ||     1
  Use: Potion            |     1 |       ||     1
  Eat: Chunk             |     1 |       ||     1
Armor: Leather armour    |    43 |     1 ||    44
Dodge: Dodged            |    82 |     5 ||    87
